 Dungeon Crawl Stone Soup version 0.17-a0-1174-ge06b3cc (webtiles) character file.

247 Kidiri the Cudgeler (level 5, 0/81 HPs)
             Began as a Troll Berserker on May 29, 2015.
             Was a Priest of Trog.
             Killed from afar by Blork the orc (10 damage)
             ... with a puff of frost
             ... on level 4 of the Dungeon.
             The game lasted 00:13:05 (2520 turns).

Kidiri the Cudgeler (Troll Berserker)               Turns: 2520, Time: 00:13:05

Health: 0/81       AC:  7    Str: 31      XL:     5   Next: 85%
Magic:  4/4        EV: 10    Int:  1 (3)  God:    Trog [***...]
Gold:   277        SH:  0    Dex:  9      Spells: 0 memorised, 4 levels left

rFire  . . .     SeeInvis .     t - +3 mace
rCold  . . .     Clarity  .     b - +0 animal skin
rNeg   . . .     SustAt   .     (no shield)
rPois  .         Gourm    +     e - +2 hat
rElec  .         Spirit   .     (no cloak)
rCorr  .         Warding  .     (gloves unavailable)
rMut   .         Stasis   .     (boots unavailable)
MR     .....                    (no amulet)
Stlth  ..........               (no ring)
                                (no ring)

@: berserking, very quick, not resistant to hostile enchantments, extremely
unstealthy
A: unfitting armour, claws 3, fast metabolism 3, gourmand, regeneration 2,
shaggy fur 1, tough skin 2
a: Burn Spellbooks, Berserk, Trog's Hand, Renounce Religion


You were on level 4 of the Dungeon.
You worshipped Trog.
Trog was most pleased with you.
You were not hungry.

You visited 1 branch of the dungeon, and saw 4 of its levels.

You collected 277 gold pieces.

Inventory:

Hand weapons
 a - a +0 mace
 q - a +0 flail
 s - a +0 morningstar
 t - a +3 mace (weapon)
Armour
 b - a +0 animal skin (worn)
 e - a +2 hat (worn)
Scrolls
 d - a scroll of identify
 g - a scroll of magic mapping {unknown}
 h - a scroll of remove curse {unknown}
 i - 2 scrolls of blinking
 l - 2 scrolls of amnesia {unknown}
 m - a scroll of teleportation {unknown}
 o - a scroll of immolation {unknown}
Potions
 n - a potion of heal wounds {unknown}
 r - a potion of poison {unknown}
 u - a potion of flight {unknown}
Comestibles
 c - 7 bread rations
 f - 3 beef jerkies
 p - a meat ration
 v - 3 chunks of flesh


   Skills:
 * Level 3.9 Fighting
 * Level 4.0 Maces & Flails
 + Level 1.4 Armour
 + Level 3.0 Dodging


You had 4 spell levels left.
You didn't know any spells.

Dungeon Overview and Level Annotations

Branches:
Dungeon (4/15)
 Temple: D:4-7

Altars:
Ashenzari
Kikubaaqudgha

Annotations:
D:4 Blork the orc


Innate Abilities, Weirdness & Mutations

You are too large for most types of armour.
You have claws for hands.
Your metabolism is lightning-fast.
You like to eat raw meat.
You heal very quickly.
You are covered in fur (AC +1).
You have very tough skin (AC +2).


Message History

It was a potion of curing.
You feel better. The quokka barely misses you. Something hits you.
* * * LOW HITPOINT WARNING * * *
The quokka bites you but does no damage.
Something hits you!
* * * LOW HITPOINT WARNING * * *
Use which ability? (? or * to list)
A red film seems to cover your vision as you go berserk!
You feel yourself moving faster!
You feel mighty!
You feel somewhat more hungry. Something hits you.
* * * LOW HITPOINT WARNING * * *
The quokka barely misses you.
You closely miss something. Something hits you but does no damage.
The quokka bites you.
* * * LOW HITPOINT WARNING * * *
You barely miss something.
You hear some strange, mumbled words.
A puff of frost appears from out of thin air!
The puff of frost hits you!
You die...

#.....).....
........... #..........
#.......... #..........
#.......... #.r{.......
#..@......# #
#.........# .#
##.......... ..
##.........#. ..##
######.........## ...##
#..............#
....###..............#
.....................#
#.........##..........#


You could see a quokka.

Vanquished Creatures
  The ghost of panicbit the Covered, an average MiFi (D:3)
  A worker ant (D:4)
  Robin (D:2)
  3 adders
  An ooze (D:2)
  3 worms
  3 orcs (D:3)
  3 ball pythons
  9 bats
  8 hobgoblins
  3 jackals (D:3)
  5 kobolds
  2 quokkas
  A giant cockroach (D:3)
  3 giant geckos
  A giant gecko skeleton (D:4)
  A giant newt (D:1)
  15 goblins
  11 rats
75 creatures vanquished.

Notes
Turn   | Place    | Note
--------------------------------------------------------------
     0 | D:1      | Kidiri the Troll Berserker began the quest for the Orb.
     0 | D:1      | Reached XP level 1. HP: 22/22 MP: 0/0
   205 | D:1      | Reached XP level 2. HP: 29/29 MP: 1/1
   559 | D:1      | Acquired Trog's second power
   754 | D:2      | Reached skill level 3 in Maces & Flails
   804 | D:2      | Reached XP level 3. HP: 27/37 MP: 2/2
  1085 | D:2      | Found a shattered altar of Ashenzari.
  1308 | D:2      | Noticed Robin
  1319 | D:2      | Killed Robin
  1319 | D:2      | Reached XP level 4. HP: 26/45 MP: 3/3
  1588 | D:3      | Noticed panicbit's ghost (average MiFi)
  1600 | D:3      | Killed panicbit's ghost
  1600 | D:3      | Reached skill level 1 in Armour
  1600 | D:3      | Reached XP level 5. HP: 53/53 MP: 4/4
  2036 | D:3      | Found an ancient bone altar of Kikubaaqudgha.
  2393 | D:4      | Reached skill level 4 in Maces & Flails
  2497 | D:4      | Noticed Blork the orc
  2520 | D:4      | Killed from afar by Blork the orc

Vault maps used:
D:1:      saegor_arrival_simple_f, serial_glass, glass_columns_a,
          glass_columns_c, glass_columns_a, glass_columns_a
D:2:      nicolae_ashenzari_panopticon, first_bread, due_unseen_surprise,
          uniq_robin
D:3:      kiku_gazebo_pond_becter, minmay_misc_feat_secret_circle, minivault_24,
          grunt_ministairs_15, minmay_misc_feat_alley
D:4:      solitary_fountain, hangedman_feature_mirror, kennysheep_potato,
          uniq_sigmund, uniq_blork_the_orc

Action                   |  1- 3 |  4- 6 || total
-------------------------+-------+-------++-------
Melee: Mace              |   106 |    64 ||   170
       Flail             |       |    29 ||    29
       Morningstar       |       |    31 ||    31
Invok: Berserk           |       |     2 ||     2
  Use: Scroll            |       |     1 ||     1
       Potion            |       |     2 ||     2
  Eat: Chunk             |     5 |    12 ||    17
       Meat ration       |     1 |       ||     1
       Pizza             |       |     1 ||     1
